 Dungeon Crawl Stone Soup version 0.29.1-12-g30fa7ad0bf (webtiles) character file.

Game seed: 16162017553189109872

5 nachturnus the Shield-Bearer (level 1, -2/18 HPs)
             Began as a Human Fighter on Jan 7, 2023.
             Slain by a hobgoblin (3 damage)
             ... on level 1 of the Dungeon.
             The game lasted 00:00:43 (236 turns).

nachturnus the Shield-Bearer (Human Fighter)         Turns: 236, Time: 00:00:43

Health: -2/18      AC:  6    Str: 16    XL:     1   Next: 88%
Magic:  1/1        EV:  8    Int:  8    God:
Gold:   4          SH:  4    Dex: 12    Spells: 0/0 levels left

rFire   . . .      SeeInvis .   a - +0 long sword
rCold   . . .      Faith    .   c - +0 buckler
rNeg    . . .      Spirit   .   b - +0 scale mail
rPois   .          Reflect  .   (no helmet)
rElec   .          Harm     .   (no cloak)
rCorr   .          Rampage  .   (no gloves)
Will    .....                   (no boots)
Stlth   ..........              (no amulet)
HPRegen 0.06/turn               (no ring)
MPRegen 0.07/turn               (no ring)

@: no status effects
A: no striking features
a: no special abilities


You were on level 1 of the Dungeon.
You visited 1 branch of the dungeon, and saw 1 of its levels.

You collected 4 gold pieces.

Inventory:

Hand Weapons
 a - a +0 long sword (weapon)
Armour
 b - a +0 scale mail (worn)
 c - a +0 buckler (worn)
Potions
 d - a potion of might


   Skills:
 - Level 3.0 Fighting
 * Level 2.4 Long Blades
 - Level 3.0 Armour
 - Level 3.0 Shields


You couldn't memorise any spells.
You didn't know any spells.
Your spell library contained the following spells:

 Spells                   Type           Power      Damage    Failure   Level
 Beastly Appendage        Tmut           0%         N/A       90%         1
 Wereblood                Tmut           0%         N/A       97%         2
 Spider Form              Tmut/Pois      0%         N/A       99%         3


Dungeon Overview and Level Annotations

Branches:
Dungeon (1/15)

Altars:


Message History

You start resting.
HP restored.
Things that are here:
a jackal corpse; a jackal corpse A goblin comes into view.
It is wielding a +0 club.
Found 11 gold pieces.
The goblin shouts!
The goblin moves out of view.
You miss the goblin. The goblin hits you with a +0 club.
A hobgoblin comes into view.
You miss the goblin.
The hobgoblin shouts!
You block the goblin's attack.
You closely miss the goblin. The goblin hits you with a +0 club.
The goblin hits you but does no damage.
You closely miss the goblin. The goblin hits you with a +0 club.
You barely miss the goblin. The goblin hits you with a +0 club.
You are too injured to fight recklessly!
You are too injured to fight recklessly!
You are too injured to fight recklessly!
You are too injured to fight recklessly!
You closely miss the goblin. The goblin barely misses you.
You hit the goblin.
The goblin is moderately wounded.
The hobgoblin closely misses you. The goblin hits you but does no damage.
The goblin closely misses you. The hobgoblin closely misses you.
You closely miss the goblin.
The goblin is moderately wounded.
The goblin hits you with a +0 club.
* * * LOW HITPOINT WARNING * * *
The hobgoblin hits you.
* * * LOW HITPOINT WARNING * * *
You barely miss the goblin.
The goblin is moderately wounded.
The goblin hits you but does no damage.
The hobgoblin hits you but does no damage.
You closely miss the goblin.
The goblin is moderately wounded.
The hobgoblin hits you.
You die...

##... ##...# # #####....
..##.......## #####
.....$...... ......
#....$⌠$..# #.##.##
#.....g...##.##...######
......g@..#.##.....##...
........#..#........#..>
^......##.##.#.....##...
#.....# #..........†....
##...# ####.###.####...
##.# #.# ### #... #. #.#
#... # #.# #### #.. #


You could see a hobgoblin and a goblin.

Vanquished Creatures
  An endoplasm (D:1)
  3 jackals (D:1)
4 creatures vanquished.

Notes
Turn   | Place    | Note
-------+----------+-------------------------------------------
     0 | D:1      | nachturnus the Human Fighter began the quest for the Orb.
     0 | D:1      | Reached XP level 1. HP: 18/18 MP: 1/1
   236 | D:1      | Slain by a hobgoblin

Illustrated notes

Levels and vault maps discovered:
D:1:      eino_arrival_cavern_b, layout_loops_ring,
          shapermc_ecumenical_altar_rom_forum, dreamdust_wishing_well,
          minmay_misc_feat_enclosed, st_stairs_3, minmay_pentomino_z4

Action                   || total
-------------------------++-------
Melee: Long sword        ||    32
Armor: Scale mail        ||    17
Dodge: Dodged            ||    17
Block: Buckler           ||     6
